 Dungeon Crawl Stone Soup version 0.29.0-4-gdea44cf6ec (webtiles) character file.

Game seed: 4461820582525195605

373 qw the Chopper (level 6, -2/35 HPs)
             Began as a Tengu Warper on Aug 28, 2022.
             Slain by Duvessa
             ... wielding a +0 short sword
              (9 damage)
             ... on level 4 of the Dungeon.
             The game lasted 00:00:42 (4924 turns).

qw the Chopper (Tengu Warper)                       Turns: 4924, Time: 00:00:43

Health: -2/35      AC:  8    Str: 13    XL:     6   Next: 71%
Magic:  10/10      EV:  3    Int: 13    God:
Gold:   166        SH: 12    Dex: 14    Spells: 9/9 levels left

rFire   . . .      SeeInvis .   Y - +0 hand axe
rCold   . . .      Faith    .   d - +0 tower shield
rNeg    . . .      Spirit   .   b - +0 chain mail
rPois   .          Reflect  .   (helmet restricted)
rElec   .          Harm     .   (no cloak)
rCorr   .          Rampage  .   (no gloves)
Will    +....                   (boots unavailable)
Stlth   ..........              (no amulet)
HPRegen 0.11/turn               h - ring of willpower
MPRegen 0.12/turn               (no ring)

@: flying quickly and evasively, quick
A: beak, talons 3, nimble flight
a: no special abilities


You were on level 4 of the Dungeon.
You visited 1 branch of the dungeon, and saw 4 of its levels.
You also visited: Sewer.

You collected 166 gold pieces.


Innate Abilities, Weirdness & Mutations

You have a beak for a mouth.
You have claws for feet.
Your magical nature lets you fly swiftly and evasively.


   Skills:
 - Level 2.0 Fighting
 - Level 6.9 Axes
 - Level 1.0 Throwing
 - Level 1.4 Armour
 - Level 2.1 Dodging
 + Level 2.4 Shields
 - Level 2.0 Spellcasting
 - Level 2.4 Translocations


You had 9 spell levels left.
You didn't know any spells.
Your spell library contained the following spells:

 Spells                   Type           Power      Damage    Failure   Level
 Blink                    Tloc           14%        N/A       100%        2
 Gell's Gravitas          Tloc           7%         N/A       100%        3
 Lesser Beckoning         Tloc           7%         N/A       100%        3
 Teleport Other           Tloc           7%         N/A       100%        3
 Manifold Assault         Tloc           7%         N/A       100%        5

Inventory:

Hand Weapons
 e - a +0 flail
 Y - a +0 hand axe (weapon)
Armour
 b - a +0 chain mail (worn)
 d - a +0 tower shield (worn)
Jewellery
 h - a ring of willpower (left hand)
Scrolls
 g - a scroll of identify
Potions
 c - a potion of resistance
 f - a potion of curing {unknown}

Dungeon Overview and Level Annotations

Branches:
Dungeon (4/15)              Sewer (visited)
 Temple: D:4-7

Altars:
Nemelex Xobeh

Portals:
Abyss: D:3

Annotations:
D:3 2 transporters, qw's ghost, amateur TeWr
D:4 Dowan; Duvessa


Message History

The puff of frost hits you. You block Dowan's attack.
Duvessa says, "When magic and the sword combine, nothing stands against them."
You block Duvessa's attack.
You hit Duvessa but do no damage. Your kick misses Duvessa.
Duvessa is heavily wounded.
You hit Dowan. You block Duvessa's attack. You block Dowan's attack.
You hit Duvessa. You claw Duvessa, but do no damage. You peck Duvessa.
Duvessa is severely wounded.
You hit Dowan. Duvessa hits you with a +0 short sword.
You block Dowan's attack. You block Duvessa's attack.
Dowan gestures at you while chanting. The puff of frost hits you.
You hit Duvessa but do no damage.
Duvessa is severely wounded.
You hit Dowan. Dowan casts a spell at you. You block the puff of flame.
Duvessa hits you with a +0 short sword!
You hit Duvessa but do no damage. Your kick misses Duvessa.
Duvessa is severely wounded.
You hit Dowan but do no damage. Duvessa hits you but does no damage.
You block Dowan's attack.
You hit Duvessa but do no damage. Your kick misses Duvessa.
Duvessa is severely wounded.
You miss Dowan. You block Duvessa's attack. Dowan hits you with a +0 dagger.
Duvessa hits you with a +0 short sword! You block Dowan's attack.
You hit Duvessa but do no damage. You claw Duvessa, but do no damage.
Duvessa is severely wounded.
You hit Dowan. Duvessa hits you with a +0 short sword.
Dowan casts a spell.
Dowan blinks!
4923 ||| Stepping ~*~*~tactically~*~*~ (hiding).
You hit Duvessa but do no damage. You claw Duvessa, but do no damage.
You peck Duvessa.
Duvessa is severely wounded.
Duvessa hits you with a +0 short sword!
You die...

#....# #.#.#.#....
#....# #.#...#####
#....# #.#####....
#....# #..........
#....# #....#.....
###....####....##....
#........e.....##....
#..#e#.....#######...
####@##.####~~~~~##..
#####.##ee.#~~~~~~~#..
#.....##.###~~~~~~~##.
#.######.##~~~~~~~~~#.
#.#... #.##...~~~.~~#.
#.#......##.~~..~.~~#.
#.#....#.###.......###
# #....#.# #.......#
##..## ##.....##


You could see Duvessa.

Vanquished Creatures
  A scorpion (D:4)
  An orc priest (D:4)
  5 gnolls
  5 adders
  7 river rats (Sewer)
  2 worms
  A dart slug (D:2)
  An orc (D:4)
  16 ball pythons
  11 endoplasms
  8 giant cockroaches
  3 goblins
  4 hobgoblins
  3 jackals
  18 kobolds
  7 quokkas
  7 bats
  4 frilled lizards
  22 rats
126 creatures vanquished.

Notes
Turn   | Place    | Note
-------+----------+-------------------------------------------
     0 | D:1      | qw the Tengu Warper began the quest for the Orb.
     0 | D:1      | Reached XP level 1. HP: 12/12 MP: 4/4
     0 | D:1      | 0 ||| qw: Version: 0.1-a-89-g26bdef1
     0 | D:1      | 0 ||| qw: Game counter: 320
     0 | D:1      | 0 ||| qw: Always use a shield: true
     0 | D:1      | 0 ||| qw: God list: Okawaru
     0 | D:1      | 0 ||| qw: Allow faded altars: false
     0 | D:1      | 0 ||| qw: Do Orc after D:15 true
     0 | D:1      | 0 ||| qw: Do second Lair branch before Depths: true
     0 | D:1      | 0 ||| qw: Lair rune preference: random
     0 | D:1      | 0 ||| qw: Plans: Normal
     0 | D:1      | 0 ||| PLANNING D:1-11
   151 | D:1      | Reached skill level 3 in Axes
   151 | D:1      | Reached XP level 2. HP: 17/17 MP: 6/6
   539 | D:1      | Reached XP level 3. HP: 17/21 MP: 7/7
   760 | D:1      | Reached skill level 4 in Axes
  1264 | D:1      | 1264 ||| UPGRADING to +0 scale mail.
  1274 | D:1      | 1274 ||| DROPPING +0 leather armour.
  1275 | D:1      | 1275 ||| READING scroll labelled RYFOAW IDDOUMA.
  1276 | D:1      | 1276 ||| READING 2 scrolls labelled JUKIBLU ZUAMMANO.
  1277 | D:1      | 1277 ||| READING scroll labelled RALINN WU KUON.
  1278 | D:1      | 1278 ||| READING scroll labelled WYH MENUUMI.
  1279 | D:1      | 1279 ||| DROPPING scroll of blinking.
  1297 | D:2      | Found a faded altar of an unknown god.
  1368 | D:2      | 1368 ||| DROPPING +0 club.
  1435 | D:2      | Found a sparkling altar of Nemelex Xobeh.
  1577 | D:2      | 1577 ||| Stepping ~*~*~tactically~*~*~ (stealth).
  1580 | D:2      | 1580 ||| FLEEEEING.
  1583 | D:2      | 1583 ||| FLEEEEING.
  1584 | D:2      | 1584 ||| FLEEEEING.
  1585 | D:2      | 1585 ||| FLEEEEING.
  1586 | D:2      | 1586 ||| FLEEEEING.
  1587 | D:2      | 1587 ||| FLEEEEING.
  1588 | D:2      | 1588 ||| FLEEEEING.
  1589 | D:2      | 1589 ||| FLEEEEING.
  1590 | D:2      | 1590 ||| FLEEEEING.
  1591 | D:2      | 1591 ||| FLEEEEING.
  1592 | D:2      | 1592 ||| FLEEEEING.
  1593 | D:2      | 1593 ||| FLEEEEING.
  1594 | D:2      | 1594 ||| FLEEEEING.
  1595 | D:2      | 1595 ||| FLEEEEING.
  1596 | D:2      | 1596 ||| FLEEEEING.
  1597 | D:2      | 1597 ||| FLEEEEING.
  1598 | D:2      | 1598 ||| FLEEEEING.
  1599 | D:2      | 1599 ||| FLEEEEING.
  1603 | D:2      | 1603 ||| FLEEEEING.
  1604 | D:2      | 1604 ||| FLEEEEING.
  1605 | D:2      | 1605 ||| FLEEEEING.
  1606 | D:2      | 1606 ||| FLEEEEING.
  1607 | D:2      | 1607 ||| FLEEEEING.
  1608 | D:2      | 1608 ||| FLEEEEING.
  1609 | D:2      | 1609 ||| FLEEEEING.
  1610 | D:2      | 1610 ||| FLEEEEING.
  1611 | D:2      | 1611 ||| FLEEEEING.
  1612 | D:2      | 1612 ||| FLEEEEING.
  1613 | D:2      | 1613 ||| FLEEEEING.
  1614 | D:2      | 1614 ||| FLEEEEING.
  1615 | D:2      | 1615 ||| FLEEEEING.
  1616 | D:2      | 1616 ||| FLEEEEING.
  1617 | D:2      | 1617 ||| FLEEEEING.
  1828 | D:2      | 1828 ||| Stepping ~*~*~tactically~*~*~ (water).
  1830 | D:2      | Reached XP level 4. HP: 26/26 MP: 8/8
  2326 | D:2      | 2326 ||| Stepping ~*~*~tactically~*~*~ (hiding).
  2340 | D:2      | Reached skill level 5 in Axes
  2341 | D:2      | 2341 ||| Stepping ~*~*~tactically~*~*~ (hiding).
  2368 | D:2      | Gained mutation: Your magical nature lets you fly swiftly
                  | and evasively. [Tengu growth]
  2368 | D:2      | Reached XP level 5. HP: 29/30 MP: 9/9
  2385 | D:2      | 2385 ||| DROPPING +0 mace.
  2503 | D:2      | 2503 ||| DROPPING amulet of faith.
  2504 | D:2      | 2504 ||| READING scroll labelled TOTE QONNOUMAYCHA.
  2508 | D:2      | 2508 ||| READING 2 scrolls of identify.
  2508 | D:2      | 2508 ||| IDENTIFYING blue potion
  2509 | D:2      | 2509 ||| DROPPING potion of brilliance.
  2521 | D:3      | 2521 ||| PLANNING SEWER
  2532 | D:3      | 2532 ||| STAIRDANCE
  2600 | D:3      | Found a glowing drain.
  2631 | Sewer    | Entered a sewer
  2714 | Sewer    | Reached skill level 6 in Axes
  3074 | Sewer    | Reached XP level 6. HP: 30/35 MP: 10/10
  3133 | Sewer    | 3133 ||| Stepping ~*~*~tactically~*~*~ (stealth).
  3284 | Sewer    | 3284 ||| Stepping ~*~*~tactically~*~*~ (stealth).
  3285 | Sewer    | 3285 ||| Stepping ~*~*~tactically~*~*~ (stealth).
  3321 | Sewer    | 3321 ||| Stepping ~*~*~tactically~*~*~ (stealth).
  3322 | Sewer    | 3322 ||| Stepping ~*~*~tactically~*~*~ (stealth).
  3545 | Sewer    | 3545 ||| UPGRADING to +0 chain mail.
  3555 | Sewer    | 3555 ||| DROPPING +0 scale mail.
  3556 | Sewer    | 3556 ||| READING scroll labelled VOYDEGOTYD.
  3557 | Sewer    | 3557 ||| DRINKING 2 bubbling orange potions.
  3558 | Sewer    | 3558 ||| READING 3 scrolls of identify.
  3558 | Sewer    | 3558 ||| IDENTIFYING smoky black potion
  3559 | Sewer    | 3559 ||| READING 2 scrolls of identify.
  3559 | Sewer    | 3559 ||| IDENTIFYING green potion
  3560 | Sewer    | 3560 ||| DROPPING potion of magic.
  3561 | Sewer    | 3561 ||| DROPPING potion of invisibility.
  3596 | D:3      | 3596 ||| PLANNING D:1-11
  3649 | D:3      | Found a transporter.
  4061 | D:3      | Found a transporter.
  4061 | D:3      | Noticed a small abomination
  4062 | D:3      | Found a one-way gate to the infinite horrors of the Abyss.
  4062 | D:3      | Noticed qw's ghost (amateur TeWr)
  4152 | D:3      | 4152 ||| UPGRADING to +0 tower shield.
  4157 | D:3      | 4157 ||| UPGRADING to ring of willpower.
  4158 | D:3      | 4158 ||| DRINKING 2 coppery potions.
  4204 | D:3      | 4204 ||| DROPPING potion of lignification.
  4308 | D:4      | Reached skill level 1 in Shields
  4552 | D:4      | 4552 ||| Stepping randomly (stuck).
  4553 | D:4      | 4553 ||| Stepping randomly (stuck).
  4554 | D:4      | 4554 ||| Stepping randomly (stuck).
  4555 | D:4      | 4555 ||| Stepping randomly (stuck).
  4556 | D:4      | 4556 ||| Stepping randomly (stuck).
  4557 | D:4      | 4557 ||| Stepping randomly (stuck).
  4558 | D:4      | 4558 ||| Stepping randomly (stuck).
  4559 | D:4      | 4559 ||| Stepping randomly (stuck).
  4560 | D:4      | 4560 ||| Stepping randomly (stuck).
  4561 | D:4      | 4561 ||| Stepping randomly (stuck).
  4562 | D:4      | 4562 ||| Stepping randomly (stuck).
  4563 | D:4      | 4563 ||| Stepping randomly (stuck).
  4564 | D:4      | 4564 ||| Stepping randomly (stuck).
  4565 | D:4      | 4565 ||| Stepping randomly (stuck).
  4566 | D:4      | 4566 ||| Stepping randomly (stuck).
  4567 | D:4      | 4567 ||| Stepping randomly (stuck).
  4568 | D:4      | 4568 ||| Stepping randomly (stuck).
  4775 | D:4      | 4775 ||| Stepping randomly (stuck).
  4776 | D:4      | 4776 ||| Stepping randomly (stuck).
  4778 | D:4      | 4778 ||| Stepping randomly (stuck).
  4780 | D:4      | 4780 ||| Stepping randomly (stuck).
  4781 | D:4      | 4781 ||| Stepping randomly (stuck).
  4782 | D:4      | 4782 ||| Stepping randomly (stuck).
  4783 | D:4      | 4783 ||| Stepping randomly (stuck).
  4784 | D:4      | 4784 ||| Stepping randomly (stuck).
  4785 | D:4      | 4785 ||| Stepping randomly (stuck).
  4787 | D:4      | 4787 ||| Stepping randomly (stuck).
  4788 | D:4      | 4788 ||| Stepping randomly (stuck).
  4789 | D:4      | 4789 ||| Stepping randomly (stuck).
  4790 | D:4      | 4790 ||| Stepping randomly (stuck).
  4792 | D:4      | 4792 ||| Stepping randomly (stuck).
  4794 | D:4      | 4794 ||| Stepping randomly (stuck).
  4795 | D:4      | 4795 ||| Stepping randomly (stuck).
  4796 | D:4      | 4796 ||| Stepping randomly (stuck).
  4798 | D:4      | 4798 ||| Stepping randomly (stuck).
  4806 | D:4      | 4806 ||| Stepping randomly (stuck).
  4807 | D:4      | 4807 ||| Stepping randomly (stuck).
  4808 | D:4      | 4808 ||| Stepping randomly (stuck).
  4892 | D:4      | Noticed Dowan
  4893 | D:4      | 4893 ||| Stepping randomly (stuck).
  4904 | D:4      | Noticed Duvessa
  4906 | D:4      | 4906 ||| Stepping ~*~*~tactically~*~*~ (hiding).
  4922 | D:4      | HP: 7/35 [Duvessa/+0 short sword (2)]
  4923 | D:4      | 4923 ||| Stepping ~*~*~tactically~*~*~ (hiding).
  4924 | D:4      | Slain by Duvessa

Levels and vault maps discovered:
D:1:      minmay_arrival_stair_chambers, layout_loops_ring
D:2:      wad_river_or_something, layout_basic,
          chequers_ecumenical_altar_simple_redux, basic_altar, st_stairs_5,
          minmay_misc_feat_ornament
D:3:      layout_basic, portal_sewer_entry_f, gammafunk_ghost_abyssal_escape
D:4:      layout_basic, minmay_temple_entry_ruins, serial_co_window_serial,
          co_window_paths_a, co_window_of_opportunity_a,
          co_window_of_opportunity_a, co_window_corner_a, co_window_corner_a,
          co_window_of_opportunity_a, co_window_paths_a, co_window_broadway_a,
          co_window_of_opportunity_c, co_window_unsneaky_path_e,
          co_window_broadway_b, glass_columns_a, glass_columns_c,
          glass_columns_a, nicolae_underground_beach, uniq_duvessa

Skill      XL: |  1  2  3  4  5  6 |
---------------+-------------------+-----
Axes           | 3 4 5 6 |  6.9
Shields        | 2 |  2.4
Fighting       | |  2.0
Throwing       | |  1.0
Armour         | |  1.4
Dodging        | |  2.1
Spellcasting   | |  2.0
Translocations | |  2.4

Action                   |  1- 3 |  4- 6 || total
-------------------------+-------+-------++-------
Melee: Hand axe          |   106 |   227 ||   333
       Kick              |    25 |    75 ||   100
       Peck              |    15 |    39 ||    54
       Punch             |     1 |     2 ||     3
Throw: Boomerang         |     7 |       ||     7
  Use: Scroll            |     4 |     5 ||     9
       Potion            |       |     2 ||     2
Armor: Leather armour    |    16 |       ||    16
       Scale mail        |    11 |    47 ||    58
       Chain mail        |       |    22 ||    22
Dodge: Dodged            |    49 |    75 ||   124
Block: Tower shield      |       |    30 ||    30

Table legend:
 A = Non-vault XP
 B = Vault XP
 C = Vault XP percentage of total XP
 D = Non-vault monster count
 E = Vault monster count
 F = Vault count percentage of total count
                 A         B        C        D         E       F
            +---------+---------+-------+---------+---------+-------
      Total |     344 |     189 |  35.5 |      59 |      67 |  53.2
            +---------+---------+-------+---------+---------+-------
        D:1 |      52 |       0 |   0.0 |      23 |       0 |   0.0
        D:2 |     109 |      20 |  15.5 |      20 |      11 |  35.5
        D:3 |      30 |      12 |  28.6 |       9 |       6 |  40.0
        D:4 |     153 |       0 |   0.0 |       7 |       0 |   0.0
      Sewer |       0 |     157 | 100.0 |       0 |      50 | 100.0
            +---------+---------+-------+---------+---------+-------
